 Dungeon Sprint DCSS version 0.19.5 (webtiles) character file.

3135 Snowbourne the Imperceptible (level 9, -29/39 HPs)
             Began as a Spriggan Enchanter on May 12, 2017.
             Shot with a bolt by a yaktaur captain (35 damage)
             ... in the Dungeon (Sprint II: "The Violet Keep of Menkaure").
             The game lasted 00:08:09 (651 turns).

Snowbourne the Imperceptible (Spriggan Enchanter)    Turns: 651, Time: 00:08:09

Health: -29/39     AC:  3    Str:  4    XL:     9   Next: 61%
Magic:  11/18      EV: 19    Int: 25    God:
Gold:   9          SH:  0    Dex: 22    Spells: 5 memorised, 7 levels left

rFire  . . .     SeeInvis +     a - +1 dagger
rCold  . . .     Gourm    .     b - +1 robe
rNeg   . . .     Faith    .     (shield restricted)
rPois  +         Spirit   .     (helmet restricted)
rElec  .         Reflect  .     (no cloak)
rCorr  .         Harm     .     (gloves unavailable)
MR     ++...     NoTele   +     (boots unavailable)
Stlth  +++++++++.               k - amulet of Battaz {RegenMP Int+4}
                                (no ring)
                                i - ring of Birdsong {rPois MR+ Int+5 Dex+2}

@: very quick
A: unfitting armour, see invisible, herbivore 3, speed 3, slow metabolism 2
a: no special abilities


You were in the Dungeon.
You were not hungry.

You visited 1 branch You collected 972 gold pieces.
You spent 963 gold pieces at shops.

Inventory:

Hand Weapons
 a - a +1 dagger (weapon)
Armour
 b - a +1 robe (worn)
Jewellery
 i - the ring of Birdsong (left hand) {rPois MR+ Int+5 Dex+2}
   (You bought it in a shop in the Dungeon)

   [ring of protection from magic]

   It affects your intelligence (+5).
   It affects your dexterity (+2).
   It protects you from poison.
   It affects your resistance to hostile enchantments.
 k - the amulet of Battaz (around neck) {RegenMP Int+4}
   (You bought it in a shop in the Dungeon)

   [amulet of magic regeneration]

   It increases your magic regeneration.
   It affects your intelligence (+4).
Scrolls
 j - a scroll of blinking
Potions
 e - a potion of curing
 f - a potion of heal wounds
 g - a potion of haste
 h - 2 potions of magic
Books
 c - a book of Maledictions

   Spells                             Type                      Level
   a - Corona                         Hexes                        1
   b - Ensorcelled Hibernation        Hexes/Ice                    2
   c - Confuse                        Hexes                        3
   d - Tukima's Dance                 Hexes                        3
   e - Dazzling Spray                 Conjuration/Hexes            3
Comestibles
 d - a bread ration


   Skills:
 - Level 1.1 Short Blades
 - Level 3.0 Dodging
 * Level 24.2 Stealth
 - Level 5.7 Spellcasting
 + Level 14.8 Hexes


You had 7 spell levels left.
You knew the following spells:

 Your Spells              Type           Power        Failure   Level  Hunger
a - Corona                Hex            ######.      1%          1    None
b - Ensorcelled Hibernat  Hex/Ice        #####.       1%          2    None
c - Confuse               Hex            ######..     1%          3    #......
d - Dazzling Spray        Conj/Hex       #####.       1%          3    #......
e - Tukima's Dance        Hex            ######..     1%          3    #......


Dungeon Overview and Level Annotations

Branches:
Dungeon (1/1)

Altars:

Shops:
D =::[[=!*(?!}??%!

Annotations:
D exclusion: oklob plant


Innate Abilities, Weirdness & Mutations

You are very small and have problems with some larger weapons.
You are too small for most types of armour.
You have supernaturally acute eyesight. (SInv)
You are a herbivore.
You cover ground extremely quickly.
You need consume almost no food.


Message History

Aim: a chaos spawn (summoned, chance to defeat MR: 34%)
The chaos spawn looks drowsy...
There is an open door here.
The helpless chaos spawn fails to defend itself.
You spit the chaos spawn like a pig!!!!
You kill the chaos spawn!
The chaos spawn degenerates into a cloud of primal chaos!
The yaktaur captain shoots a bolt.
The bolt misses you.
Casting: Ensorcelled Hibernation
Confirm with . or Enter, or press ? or * to list all spells.
Aiming: Ensorcelled Hibernation
Press: ? - help, Shift-Dir - straight line, f - yaktaur captain
Aim: a yaktaur captain, wielding an arbalest (chance to defeat MR: 34%)
Okay, then.
Unknown command.
There's something blocking the doorway.
There's something blocking the doorway.
The yaktaur captain shoots a bolt.
The bolt hits you!!
Ouch! That really hurt!
You die...

###########)≈≈.(.......
##∩.∩.....#≈≈≈≈.##+##.
##.∩.∩....#≈≈≈≈###.###
##..∩.∩...#≈≈≈≈#..#..#
##...∩.∩..#Y≈####.#.####
##....∩.⌠.#≈##.###'###.##
##...∩.∩..#c###.##.##.#.#
##..∩.∩...+≈(.##'.<.÷###+
##.∩.∩....#≈#..@##.##.#.#
#▓▓▓▓▓▓▓###≈##.###'###.##
##($a######≈≈####.#.####
#?.a#Z? ##≈≈≈#..#..#
#∩P(+$Z# +#≈##.#.##
#)$h#[##;# ≈≈##+##
#!hh###§;§ ≈≈ ≈≈≈
##+###≈§§§ #'''# .§§.#


You could see a yaktaur captain.

Vanquished Creatures
  Kirke (D)
  A centaur warrior (D)
  2 tyrant leeches (D)
  2 hippogriffs (D)
  A crocodile (D)
  4 worker ants (D)
  3 worms (D)
14 creatures vanquished.

Vanquished Creatures (others)
  Menkaure (D)
  A crocodile (D)
2 creatures vanquished.

Grand Total: 16 creatures vanquished

Notes
Turn   | Place    | Note
-------+----------+-------------------------------------------
     0 | D        | Snowbourne the Spriggan Enchanter began the quest for the Orb.
     0 | D        | Reached XP level 1. HP: 9/9 MP: 5/5
     1 | D        | Noticed a hippogriff
     1 | D        | Noticed a hippogriff
     4 | D        | Noticed a tyrant leech
     4 | D        | Noticed a tyrant leech
    10 | D        | Reached skill level 5 in Stealth
    18 | D        | Noticed a worker ant
    18 | D        | Noticed a worker ant
    18 | D        | Noticed a worker ant
    18 | D        | Noticed a worker ant
    31 | D        | Killed a worker ant
    31 | D        | Reached skill level 8 in Stealth
    31 | D        | Reached skill level 5 in Hexes
    31 | D        | Reached XP level 2. HP: 9/13 MP: 6/8
    34 | D        | Reached skill level 9 in Stealth
    34 | D        | Reached XP level 3. HP: 12/16 MP: 7/10
    38 | D        | Reached skill level 5 in Spellcasting
    38 | D        | Reached XP level 4. HP: 16/21 MP: 8/12
    42 | D        | Reached skill level 10 in Stealth
    54 | D        | Learned a level 2 spell: Ensorcelled Hibernation
    58 | D        | Learned a level 3 spell: Confuse
    62 | D        | Learned a level 3 spell: Dazzling Spray
    66 | D        | Learned a level 3 spell: Tukima's Dance
    87 | D        | Killed Menkaure
   251 | D        | Killed a hippogriff
   251 | D        | Reached skill level 14 in Stealth
   251 | D        | Reached XP level 5. HP: 24/24 MP: 9/14
   251 | D        | Reached XP level 6. HP: 28/28 MP: 9/15
   253 | D        | Killed a hippogriff
   253 | D        | Reached skill level 16 in Stealth
   253 | D        | Reached skill level 10 in Hexes
   275 | D        | Killed a tyrant leech
   275 | D        | Reached skill level 18 in Stealth
   275 | D        | Reached XP level 7. HP: 32/32 MP: 3/16
   420 | D        | Killed a tyrant leech
   420 | D        | Reached skill level 19 in Stealth
   561 | D        | Noticed an obsidian statue
   572 | D        | Found Uhusihoo's Magic Scroll Boutique.
   572 | D        | Found Nookh's Food Boutique.
   572 | D        | Found Xozib's Gadget Shop.
   573 | D        | Found Kaqyom's Distillery.
   573 | D        | Found Rosit's Distillery.
   573 | D        | Found Myggomap's Magic Scroll Boutique.
   573 | D        | Found Zoin's Antique Weapon Shop.
   573 | D        | Found Quwn's General Store.
   574 | D        | Found Jaresh's Jewellery Boutique.
   574 | D        | Found Peewkar's Antique Armour Shop.
   576 | D        | Found Itweceg's Magic Scroll Shop.
   576 | D        | Found Gideecet's Distillery.
   577 | D        | Found Cediw's Antique Armour Boutique.
   577 | D        | Found Tulihepi's Book Shop.
   577 | D        | Noticed an oklob plant
   578 | D        | Found Kiopos's Book Shoppe.
   578 | D        | Found Cecw's Jewellery Boutique.
   596 | D        | Bought the ring of Birdsong {rPois MR+ Int+5 Dex+2} for 509 gold pieces
   599 | D        | Bought the amulet of Battaz {RegenMP Int+4} for 454 gold pieces
   615 | D        | Noticed a centaur warrior
   615 | D        | Noticed Kirke
   615 | D        | Noticed a kobold demonologist
   616 | D        | Noticed an elephant
   616 | D        | Noticed a skeletal warrior
   617 | D        | Noticed a yaktaur captain
   625 | D        | Noticed a chaos spawn
   630 | D        | Killed Kirke
   630 | D        | Reached skill level 23 in Stealth
   630 | D        | Reached XP level 8. HP: 16/36 MP: 9/17
   630 | D        | Reached XP level 9. HP: 17/39 MP: 9/18
   635 | D        | Killed a centaur warrior
   635 | D        | Reached skill level 24 in Stealth
   640 | D        | Noticed an ice dragon
   651 | D        | Shot with a bolt by a yaktaur captain

Skill      XL: |  1  2  3  4  5  6  7  8  9 |
---------------+----------------------------+-----
Stealth        | 8 9 14 18 23 24 | 24.2
Spellcasting   | 4 5 |  5.7
Hexes          | 5 8 11 14 | 14.8
Short Blades   | |  1.1
Dodging        | |  3.0

Action                   |  1- 3 |  4- 6 |  7- 9 || total
-------------------------+-------+-------+-------++-------
Melee: Dagger            |    21 |     9 |    12 ||    42
 Cast: Ensorcelled Hiber |       |    10 |    11 ||    21
       Dazzling Spray    |       |       |     3 ||     3
  Use: Potion            |     1 |       |       ||     1
 Stab: Sleeping          |     1 |     5 |     4 ||    10
       Invisible         |       |       |     3 ||     3
Armor: Robe              |     2 |       |       ||     2
Dodge: Dodged            |     8 |     3 |     7 ||    18
